 Dungeon Crawl Stone Soup version 0.26-a0-651-gb41185065b (webtiles) character file.

Game seed: 15607485910744302344

17 Golem the Digger (level 2, 16/20 HPs)
             Began as a Draconian Earth Elementalist on Oct 26, 2020.
             Got out of the dungeon alive.
             The game lasted 00:06:08 (635 turns).

Golem the Digger (Draconian Earth Elementalist)      Turns: 635, Time: 00:06:09

Health: 16/20      AC:  4    Str: 10    XL:     2   Next: 44%
Magic:  5/5        EV: 12    Int: 15    God:
Gold:   31         SH:  0    Dex: 11    Spells: 4/5 levels left

rFire    . . .     SeeInvis .   d - -2 hand axe (curse)
rCold    . . .     Faith    .   (no shield)
rNeg     . . .     Spirit   .   (armour unavailable)
rPois    .         Reflect  .   (helmet restricted)
rElec    .         Harm     .   (no cloak)
rCorr    .         Rampage  .   (no gloves)
MR       .....                  (no boots)
Stlth    ++........             (no amulet)
HPRegen  0.06/turn              (no ring)
MPRegen  0.09/turn              (no ring)

@: no status effects
A: unfitting armour, cold-blooded, AC +4
a: no special abilities


You escaped.
You visited 1 branch of the dungeon, and saw 1 of its levels.

You collected 31 gold pieces.

Inventory:

Hand Weapons
 a - a +2 spear
 d - a cursed -2 hand axe (weapon)
 g - a +0 dagger
Missiles
 b - 30 stones (quivered)
 c - 4 javelins
 f - 8 boomerangs


   Skills:
 + Level 0.2 Fighting
 + Level 0.2 Polearms
 + Level 2.0 Dodging
 + Level 1.8 Stealth
 + Level 2.1 Spellcasting
   Level 1.0 Transmutations
 + Level 3.3 Earth Magic


You had 4 spell levels left.
You knew the following spells:

 Your Spells              Type           Power        Failure   Level
a - Sandblast             Erth           ##....       5%          1

Your spell library contained the following spells:

 Spells                   Type           Power        Failure   Level
 Passwall                 Tmut/Erth      #.......     14%         2
 Stone Arrow              Conj/Erth      #.....       32%         3
 Petrify                  Tmut/Erth      #.......     65%         4
 Lee's Rapid Deconstruct  Erth           ##........   83%         5


Dungeon Overview and Level Annotations

Branches:
Dungeon (1/15)

Altars:


Innate Abilities, Weirdness & Mutations

Your plain brown scales are hard. (AC +4)
You cannot fit into any form of body armour.
You are cold-blooded and may be slowed by cold attacks.


Message History

You kill the hobgoblin!
A hobgoblin comes into view.
A goblin comes into view.
The goblin shouts!
An ooze comes into view.
The hobgoblin shouts!
A goblin is nearby!
The goblin hits you but does no damage.
The hobgoblin hits you but does no damage.
The goblin hits you. The goblin hits you but does no damage.
The hobgoblin hits you but does no damage.
There is a huge open gate here.
The kobold shouts!
There is an open gate here.
The orc shouts!
There is a staircase leading out of the dungeon here.
Are you sure you want to leave the Dungeon?
This will make you lose the game! The goblin closely misses you.
You have escaped!

....### #.#######.#...#######.#
......# #.#.....#......†......#
....#.# #.#.#.................#
....#.#####.......#..##########.#
.............................##.#
#####......................#.##.#
#......................#.##.#
#...#################..#.##.#
#...#≈≈§§≈≈§@≈≈≈≈≈≈≈#..#.##.#
#####...#≈§≈≈§§≈g≈≈≈≈≈≈≈#..#.##.#
...#....#≈≈≈≈..§g...≈≈≈≈#..#.##.#
........#≈≈...........§§#..#.##.#
##......#≈.............§#....##.#
........#§.............≈#....##.#
###.#...###..8.###.8..###..#.##.#
....#...#o#...........#K#..#.##.#
#####...#######'''#######..#....#


You could see an orc, a hobgoblin, a goblin and a kobold.

Vanquished Creatures
  A dart slug (D:1)
  2 giant cockroaches (D:1)
  2 goblins (D:1)
  A hobgoblin (D:1)
  4 jackals (D:1)
  A bat (D:1)
  2 frilled lizards (D:1)
13 creatures vanquished.

Notes
Turn   | Place    | Note
-------+----------+-------------------------------------------
     0 | D:1      | Golem the Draconian Earth Elementalist began the quest for
                  | the Orb.
     0 | D:1      | Reached XP level 1. HP: 14/14 MP: 3/3
   171 | D:1      | Reached XP level 2. HP: 17/20 MP: 5/5
   635 | D:$      | Got out of the dungeon alive.

Illustrated notes

Levels and vault maps discovered:
D:1:      lordsloth_arrival_two_stooges, layout_basic

Skill      XL: |  1 |
---------------+----+-----
Dodging        | 2 |  2.0
Fighting       | |  0.2
Polearms       | |  0.2
Stealth        | |  1.8
Spellcasting   | |  2.1
Transmutations | |  1.0
Earth Magic    | |  3.3

Action                   || total
-------------------------++-------
Melee: Spear             ||    30
       Tailslap          ||     5
       Hand axe          ||    34
  Use: Scroll            ||     3
       Potion            ||     2
 Stab: Sleeping          ||     3
Armor: Skin              ||    19
Dodge: Dodged            ||    39

Table legend: (Time is in decaauts)
 A = Elapsed time spent in this place.
 B = Non-inter-level travel time spent in this place.
 C = Inter-level travel time spent in this place.
 D = Time resting spent in this place.
 E = Time spent auto-exploring this place.
 F = Levels seen in this place.
 G = Mean time per level.
                   A        B        C        D        E       F      G
               +--------+--------+--------+--------+--------+-----+--------+
         Total |    647 |    647 |      0 |      0 |     91 |   1 |  647.0 |
       Dungeon |    647 |    647 |      0 |      0 |     91 |   1 |  647.0 |
               +--------+--------+--------+--------+--------+-----+--------+

Top non-repeatable levels by time:
     D:1: 647 daAuts
